 Dungeon Crawl Stone Soup version 0.23-a0-402-g64599a1 (webtiles) character file.

2016 Grunt the Chopper (level 9, -10/67 HPs)
             Began as a Demonspawn Gladiator on Nov 5, 2018.
             Was a Believer of Ru.
             Mangled by a white ugly thing (35 damage)
             ... on level 7 of the Dungeon.
             The game lasted 00:15:58 (7325 turns).

Grunt the Chopper (Demonspawn Gladiator)            Turns: 7325, Time: 00:15:59

Health: -10/67     AC: 16    Str: 23    XL:     9   Next: 3%
Magic:  9/9        EV:  9    Int: 10    God:    Ru [**....]
Gold:   329        SH:  0    Dex: 14    Spells: 8/8 levels left

rFire    . . .     SeeInvis .   u - +3 trident (vamp)
rCold    . . .     Gourm    .   (no shield)
rNeg     . . .     Faith    .   k - +0 chain mail
rPois    .         Spirit   .   x - +2 helmet
rElec    .         Reflect  .   (no cloak)
rCorr    +         Harm     .   (no gloves)
MR       .....                  (no boots)
Stlth    ..........             (no amulet)
HPRegen  0.21/turn              (no ring)
MPRegen  0.11/turn              (no ring)

@: mighty, slowed, very slow
A: yellow scales 3, powered by pain 2, rot immunity, hated by all, no charms
magic, no necromancy magic, no poison magic
a: Renounce Religion


You were on level 7 of the Dungeon.
You worshipped Ru.
Ru was pleased with you.
You were very hungry.

You visited 1 branch of the dungeon, and saw 7 of its levels.

You collected 329 gold pieces.

Inventory:

Hand Weapons
 a - a +1 war axe
 g - a +0 trident
 u - a +3 vampiric trident (weapon)
Missiles
 d - 3 throwing nets
 h - 173 stones (quivered)
Armour
 b - a +0 leather armour
 c - a +0 helmet
 k - a +0 chain mail (worn)
 x - a +2 helmet (worn)
Jewellery
 r - an uncursed ring of ice
 z - an uncursed ring of wizardry
Wands
 q - a wand of polymorph (3)
 y - a wand of flame (19)
Scrolls
 e - 4 scrolls of identify
 n - 8 scrolls of remove curse
 o - 6 scrolls of teleportation {unknown}
 t - 2 scrolls of enchant armour {unknown}
 w - 2 scrolls of immolation {unknown}
 A - 2 scrolls of enchant weapon
 B - a scroll of blinking
Potions
 j - a potion of agility {unknown}
 l - 4 potions of curing
 m - a potion of brilliance {unknown}
 p - 2 potions of heal wounds
 s - 3 potions of might {unknown}
 v - a potion of haste {unknown}
Comestibles
 f - 6 rations


   Skills:
 + Level 4.8 Fighting
 + Level 6.6(7.6) Axes
 + Level 5.7(7.2) Polearms
 + Level 1.8 Throwing
 + Level 4.5 Armour
 - Level 3.1 Dodging
 - Level 0.1 Stealth
 - Level 0.1 Unarmed Combat
 + Level 0.9 Evocations


You had 8 spell levels left.
You didn't know any spells.
Your spell library contained the following spells:

 Spells                   Type           Power        Failure   Level  Hunger
 Apportation              Tloc           #.....       96%         1    ##.....
 Confusing Touch          Hex            #.....       96%         1    ##.....
 Magic Dart               Conj           #...         96%         1    ##.....
 Searing Ray              Conj           #.....       99%         2    ###....
 Confuse                  Hex            #.......     100%        3    ####...
 Dazzling Spray           Conj/Hex       #.....       100%        3    ####...
 Gell's Gravitas          Tloc           #.........   100%        3    ####...
 Force Lance              Conj/Tloc      #.......     100%        4    #####..
 Fulminant Prism          Conj/Hex       #.........   100%        4    #####..
 Iskenderun's Mystic Bla  Conj           #.......     100%        4    #####..
 Petrify                  Tmut/Erth      #.......     100%        4    #####..
 Metabolic Englaciation   Hex/Ice        #.........   100%        5    ######.
 Yara's Violent Unravell  Hex/Tmut       #.........   100%        5    ######.
 Animate Skeleton         Necr           Unusable     N/A         1    N/A
 Pain                     Necr           Unusable     N/A         1    N/A
 Summon Small Mammal      Summ           Unusable     N/A         1    N/A
 Regeneration             Chrm/Necr      Unusable     N/A         3    N/A
 Vampiric Draining        Necr           Unusable     N/A         3    N/A
 Animate Dead             Necr           Unusable     N/A         4    N/A

Dungeon Overview and Level Annotations

Branches:
Dungeon (7/15)             Temple (0/1) D:4

Altars:
Gozag
Kikubaaqudgha
Nemelex Xobeh
Ru
Trog
Xom

Annotations:
D:1 exclusion: downstairs, Sigmund
D:4 exclusion: downstairs


Innate Abilities, Weirdness & Mutations

You are completely covered in yellow scales. (AC +4, rCorr)
You sometimes gain power by taking damage.
You are immune to rotting.
You are hated by all.
You cannot study or cast Charms magic.
You cannot study or cast Necromancy magic.
You cannot study or cast Poison magic.


Message History

The white ugly thing freezes you!
You focus on the pain.
You feel very mighty all of a sudden. The white ugly thing barely misses you.
You barely miss the white ugly thing.
The white ugly thing is moderately wounded.
The bullfrog releases a deep croak.
The white ugly thing barely misses you.
You puncture the white ugly thing!
You feel better.
The white ugly thing is heavily wounded.
The bullfrog snags a nearby fly with its tongue.
The white ugly thing barely misses you.
You puncture the white ugly thing!
You feel better.
The white ugly thing is severely wounded.
The white ugly thing tentacle-slaps you.
The white ugly thing freezes you!
A hornet comes into view.
The white ugly thing tentacle-slaps you.
The white ugly thing freezes you!!
Ouch! That really hurt!
You die...

#.#...#.##..#.#
#...>...#....#
#####.......#
......#.....# .
#####.#.....## .#
..#......## #.#
#..#....#..## y.
...#....##..###F###..
....#....###..@uW....#
###...#....#
#########.. ...
.##.#.# ##. #.#..
#.###.


You could see a white ugly thing, a hornet (wandering), a wraith and a bullfrog.

Vanquished Creatures
  A hippogriff (D:3)
  A water moccasin (D:6)
  An ice beast (D:6)
  2 sky beasts (D:5)
  3 ogres
  A crocodile (D:5)
  2 bullfrogs (D:6)
  A gnoll sergeant (D:5)
  A scorpion (D:6)
  A killer bee (D:7)
  A howler monkey (D:5)
  A crimson imp (D:6)
  A centaur zombie (D:5)
  2 hounds
  A jelly (D:7)
  3 orc priests
  Ijyb (D:2)
  3 iguanas
  Terence (D:2)
  3 worker ants
  4 orc wizards
  A worker ant zombie (D:6)
  8 adders
  4 gnolls
  An ooze (D:1)
  An adder zombie (D:6)
  An adder skeleton (D:6)
  2 worms
  A dart slug (D:1)
  4 leopard geckos
  20 orcs
  7 bats
  8 giant cockroaches
  11 goblins
  7 hobgoblins
  14 jackals
  7 kobolds
  A quokka (D:3)
  5 ball pythons
  3 frilled lizards
  A jackal skeleton (D:5)
  10 rats
152 creatures vanquished.

Vanquished Creatures (others)
  An orc (D:6)
1 creature vanquished.

Grand Total: 153 creatures vanquished

Notes
Turn   | Place    | Note
-------+----------+-------------------------------------------
     0 | D:1      | Grunt the Demonspawn Gladiator began the quest for the Orb.
     0 | D:1      | Reached XP level 1. HP: 16/16 MP: 1/1
   324 | D:1      | Gained mutation: You sometimes gain a little power by
                  | taking damage. [demonic ancestry]
   324 | D:1      | Reached XP level 2. HP: 22/22 MP: 2/2
   390 | D:1      | Reached skill level 3 in Axes
  1289 | D:1      | Gained mutation: You are immune to rotting. [demonic
                  | ancestry]
  1289 | D:1      | Reached XP level 3. HP: 23/27 MP: 3/3
  1902 | D:2      | Reached skill level 1 in Armour
  1960 | D:2      | Gained mutation: You are partially covered in yellow
                  | scales. (AC +2) [demonic ancestry]
  1960 | D:2      | Reached XP level 4. HP: 23/33 MP: 4/4
  2334 | D:2      | Noticed Terence
  2346 | D:2      | Killed Terence
  2576 | D:2      | Noticed Ijyb
  2582 | D:2      | Reached skill level 4 in Axes
  2613 | D:2      | Killed Ijyb
  2613 | D:2      | Reached XP level 5. HP: 39/39 MP: 5/5
  2851 | D:2      | Noticed Sigmund
  3081 | D:2      | Noticed Sigmund
  3081 | D:2      | Sigmund changed into Sigmund the porcupine
  3607 | D:3      | Found a sacrificial altar of Ru.
  3718 | D:3      | Became a worshipper of Ru the Awakened
  3785 | D:3      | Gained mutation: You sometimes gain power by taking damage.
                  | [demonic ancestry]
  3785 | D:3      | Reached XP level 6. HP: 34/46 MP: 6/6
  3950 | D:3      | Noticed a hippogriff
  3971 | D:3      | Killed a hippogriff
  3971 | D:3      | Reached skill level 5 in Axes
  4699 | D:4      | Gained mutation: You are mostly covered in yellow scales.
                  | (AC +3) [demonic ancestry]
  4699 | D:4      | Reached XP level 7. HP: 52/52 MP: 7/7
  4887 | D:4      | Found a staircase to the Ecumenical Temple.
  4962 | D:4      | Gained mutation: You cannot study or cast Poison magic. [Ru
                  | sacrifice]
  4962 | D:4      | Gained mutation: You cannot study or cast Necromancy magic.
                  | [Ru sacrifice]
  4962 | D:4      | Gained mutation: You cannot study or cast Charms magic. [Ru
                  | sacrifice]
  4962 | D:4      | Reached * piety under Ru
  5146 | D:5      | Entered Level 5 of the Dungeon
  5313 | D:5      | Reached skill level 6 in Axes
  5606 | D:5      | Found an opulent altar of Gozag.
  5647 | D:5      | Reached skill level 1 in Polearms
  5762 | D:5      | Reached XP level 8. HP: 25/60 MP: 8/8
  6411 | D:6      | Found a shimmering altar of Xom.
  6706 | D:6      | Gained mutation: You are hated by all. [Ru sacrifice]
  6706 | D:6      | Reached ** piety under Ru
  6878 | D:6      | Found a shimmering altar of Xom.
  6924 | D:6      | Reached skill level 5 in Polearms
  7124 | D:6      | Found a sparkling altar of Nemelex Xobeh.
  7127 | D:6      | Found an ancient bone altar of Kikubaaqudgha.
  7137 | D:6      | Found a bloodstained altar of Trog.
  7301 | D:7      | Gained mutation: You are completely covered in yellow
                  | scales. (AC +4, rCorr) [demonic ancestry]
  7301 | D:7      | Reached XP level 9. HP: 49/67 MP: 9/9
  7313 | D:7      | Noticed a white ugly thing
  7325 | D:7      | Mangled by a white ugly thing

Vault maps used:
D:1:      scummos_arrival_simple_crosswalls, minmay_crystal_water
D:2:      kennysheep_the_goblin_king, feat_on_display, uniq_sigmund,
          uniq_terence
D:3:      grunt_ministairs_15, nicolae_ru_great_annihilating_truth
D:4:      lemuel_temple_firewalk_b
D:5:      first_ration, hangedman_glass_teeth, minivault_24,
          chequers_serial_rivers_small_3, grunt_gozag_breadcrumbs
D:6:      nicolae_overflow_hidden_temple, grunt_temple_overflow_diamond,
          basic_altar, grunt_potential
D:7:      minmay_the_grid_octo_triangle, lightli_ossuary_entry_decrepit_ruins,
          uniq_joseph

Skill      XL: |  1  2  3  4  5  6  7  8 |
---------------+-------------------------+-----
Dodging        | 3 |  3.1
Axes           | 3 4 5 6 |  6.6
Armour         | 1 2 3 4 |  4.5
Fighting       | 3 4 |  4.8
Polearms       | 2 5 |  5.7
Throwing       | |  1.8
Stealth        | |  0.1
Unarmed Combat | |  0.1
Evocations     | |  0.9

Action                   |  1- 3 |  4- 6 |  7- 9 || total
-------------------------+-------+-------+-------++-------
Melee: War axe           |    96 |   162 |    26 ||   284
       Unarmed           |       |    27 |       ||    27
       Trident           |       |       |   257 ||   257
Throw: Stone             |       |     1 |       ||     1
Invok: Sacrifice Arcana  |       |       |     1 ||     1
       Sacrifice Love    |       |       |     1 ||     1
Evoke: Wand              |       |     1 |       ||     1
  Use: Scroll            |       |     5 |       ||     5
       Potion            |       |     2 |       ||     2
 Stab: Sleeping          |     1 |       |       ||     1
       Distracted        |       |       |     1 ||     1
       Invisible         |       |       |     1 ||     1
  Eat: Chunk             |     3 |     6 |     5 ||    14
       Ration            |       |     1 |     2 ||     3
Armor: Leather armour    |    20 |       |       ||    20
       Chain mail        |    42 |   111 |   153 ||   306
       Skin              |       |     4 |       ||     4
Dodge: Dodged            |    52 |    84 |   110 ||   246

Table legend:
 A = Non-vault XP
 B = Vault XP
 C = Vault XP percentage of total XP
 D = Non-vault monster count
 E = Vault monster count
 F = Vault count percentage of total count
                 A         B        C        D         E       F
            +---------+---------+-------+---------+---------+-------
      Total |    2487 |     394 |  13.7 |     127 |      25 |  16.4
            +---------+---------+-------+---------+---------+-------
        D:1 |      67 |       0 |   0.0 |      29 |       0 |   0.0
        D:2 |      55 |      85 |  60.7 |      17 |       8 |  32.0
        D:3 |     391 |      57 |  12.7 |      25 |       6 |  19.4
        D:4 |     186 |       0 |   0.0 |      19 |       0 |   0.0
        D:5 |     863 |       0 |   0.0 |      16 |       0 |   0.0
        D:6 |     652 |     193 |  22.8 |      18 |      10 |  35.7
        D:7 |     273 |      59 |  17.8 |       3 |       1 |  25.0
            +---------+---------+-------+---------+---------+-------
